 Dungeon Crawl Stone Soup version 0.21-a0-538-gd16b88a (webtiles) character file.

84 Gerstahl the Skirmisher (level 4, 0/37 HPs)
             Began as a Demonspawn Monk on Dec 16, 2017.
             Slain by Terence
             ... wielding a +2 flail of protection
              (10 damage)
             ... on level 2 of the Dungeon.
             The game lasted 00:03:32 (1431 turns).

Gerstahl the Skirmisher (Demonspawn Monk)           Turns: 1431, Time: 00:03:33

Health: 0/37       AC:  7    Str: 12    XL:     4   Next: 23%
Magic:  4/4        EV: 11    Int: 11    God:
Gold:   110        SH:  0    Dex: 16    Spells: 3/3 levels left

rFire    . . .     SeeInvis .   a - +0 falchion
rCold    . . .     Gourm    .   (no shield)
rNeg     . . .     Faith    .   h - +0 ring mail
rPois    .         Spirit   .   (no helmet)
rElec    .         Reflect  .   (no cloak)
rCorr    .         Harm     .   (no gloves)
MR       .....                  (no boots)
Stlth    +.........             (no amulet)
HPRegen  0.12/turn              (no ring)
MPRegen  0.09/turn              (no ring)

@: no status effects
A: talons 2, slimy green scales 1
a: no special abilities


You were on level 2 of the Dungeon.
You were not hungry.

You visited 1 branch of the dungeon, and saw 2 of its levels.

You collected 110 gold pieces.

Inventory:

Hand Weapons
 a - a +0 falchion (weapon)
Armour
 b - a +0 robe
 h - a +0 ring mail (worn)
Jewellery
 p - an uncursed amulet of guardian spirit {unknown}
Scrolls
 f - a scroll of fear {unknown}
 i - a scroll of enchant armour {unknown}
 k - 3 scrolls of identify {unknown}
 m - a scroll of random uselessness {unknown}
 q - a scroll of amnesia {unknown}
Potions
 e - a potion of degeneration {unknown}
 g - a potion of brilliance {unknown}
 j - a potion of might {unknown}
 n - a potion of agility {unknown}
 o - a potion of curing {unknown}
 r - a potion of cancellation {unknown}
Comestibles
 c - a bread ration
 d - 6 chunks of flesh
 l - 3 royal jellies
 s - 4 fruits


   Skills:
 + Level 4.1 Fighting
 + Level 3.8 Long Blades
 - Level 2.6 Dodging
 - Level 1.7 Stealth


You had 3 spell levels left.
You didn't know any spells.

Dungeon Overview and Level Annotations

Branches:
Dungeon (2/15)

Altars:

Annotations:
D:2 Terence


Innate Abilities, Weirdness & Mutations

You have razor-sharp toenails.
You are partially covered in slimy green scales. (AC +2)


Message History

You hit Terence but do no damage. You claw Terence.
Terence is lightly wounded.
Terence completely misses you.
You riposte.
You hit Terence but do no damage.
Terence is lightly wounded.
Terence hits you with a flail of protection.
You hit Terence but do no damage.
Terence is lightly wounded.
Terence says, "You're history."
Terence hits you with a flail of protection.
* * * LOW HITPOINT WARNING * * *
You closely miss Terence.
Terence is lightly wounded.
Terence hits you but does no damage.
You hit Terence but do no damage. Your kick misses Terence.
Terence is lightly wounded.
Terence hits you but does no damage.
You hit Terence but do no damage. You claw Terence, but do no damage.
Terence is lightly wounded.
Terence hits you with a flail of protection!
You die...

.. ..... # #.# .... #
###.####.... ##
..?......# .##
##.......# ..#
#........#
..#.########........#
#.#.#......#....@..)#
#.#....#.#.#..!.@$..#
#.#....#...#.##..####
#.# #.......###.# #.#
#.........#.# #.#
#.......#.#.. ..#
##...(...#.##.#
.##.##.......# # ..
....#........# #.#


You could see Terence.

Vanquished Creatures
  An adder (D:2)
  A worm (D:2)
  4 dart slugs (D:1)
  3 leopard geckos (D:1)
  6 bats
  2 giant cockroaches
  12 goblins
  6 hobgoblins
  6 jackals
  3 kobolds
  A quokka (D:2)
  A ball python (D:1)
  4 frilled lizards
  5 rats
55 creatures vanquished.

Notes
Turn   | Place    | Note
-------+----------+-------------------------------------------
     0 | D:1      | Gerstahl the Demonspawn Monk began the quest for the Orb.
     0 | D:1      | Reached XP level 1. HP: 18/18 MP: 1/1
   147 | D:1      | Gained mutation: You have sharp toenails. [demonic ancestry]
   147 | D:1      | Reached XP level 2. HP: 18/24 MP: 2/2
   423 | D:1      | Gained mutation: You are partially covered in slimy green scales. (AC +2) [demonic ancestry]
   423 | D:1      | Reached XP level 3. HP: 26/30 MP: 3/3
  1030 | D:2      | Reached skill level 4 in Fighting
  1308 | D:2      | Gained mutation: You have razor-sharp toenails. [demonic ancestry]
  1308 | D:2      | Reached XP level 4. HP: 29/37 MP: 4/4
  1420 | D:2      | Noticed Terence
  1431 | D:2      | Slain by Terence

Vault maps used:
D:1:      lightli_arrival_windingriver
D:2:      uniq_terence

Skill      XL: |  1  2  3 |
---------------+----------+-----
Long Blades    | 3 |  3.8
Fighting       | 4 |  4.1
Dodging        | |  2.6
Stealth        | |  1.7

Action                   |  1- 3 |  4- 6 || total
-------------------------+-------+-------++-------
Melee: Falchion          |   105 |    19 ||   124
       Kick              |    33 |    10 ||    43
 Stab: Sleeping          |     4 |       ||     4
  Eat: Chunk             |     1 |     1 ||     2
Armor: Robe              |     6 |       ||     6
       Ring mail         |    38 |     6 ||    44
Dodge: Dodged            |    72 |     7 ||    79
       Rpst.: Falchion   |    29 |     3 ||    32

Table legend:
 A = Spawn XP
 B = Non-spawn XP
 C = Spawn XP percentage of total XP
 D = Spawn monster count
 E = Non-spawn monster count
 F = Spawn count percentage of total count
 G = Total turns spent on level
                    A         B        C        D         E        F      G
               +---------+---------+-------+---------+---------+-------+---------
         Total |       0 |     120 |   0.0 |       0 |      55 |   0.0 |  1431
               +---------+---------+-------+---------+---------+-------+---------
           D:1 |       0 |      73 |   0.0 |       0 |      36 |   0.0 |  1004
           D:2 |       0 |      47 |   0.0 |       0 |      19 |   0.0 |   427
               +---------+---------+-------+---------+---------+-------+---------
